 Dungeon Crawl Stone Soup version 0.31.0-32-g396128a36d (webtiles) character file.

Game seed: 5694605399751951076

53 H0rd4k the Charlatan (level 3, 0/23 HPs)
             Began as an Octopode Artificer on Mar 13, 2024.
             Succumbed to an adder's poison
             ... on level 2 of the Dungeon.
             The game lasted 00:00:49 (1449 turns).

H0rd4k the Charlatan (Octopode Artificer)           Turns: 1449, Time: 00:00:50

Health: 0/23       AC:  1    Str: 11    XL:     3   Next: 89%
Magic:  3/3        EV: 13    Int: 15    God:
Gold:   52         SH:  0    Dex: 12    Spells: 2/2 levels left

rFire   . .          .
                       - Unarmed
rCold   . . .        (no shield)
rNeg    . . .        (helmet restricted)
rPois   .            (no amulet)
rElec   .            (no ring)
rCorr   .            (no ring)
SInv    .            (no ring)
Will    .....        (no ring)
Stlth   +++          (no ring)
HPRegen 0.23/turn    (no ring)
MPRegen 0.08/turn    (no ring)
                     (no ring)

%: no passive effects
@: lethally poisoned (0 -> -14)
A: almost no armour, amphibious, 8 rings, camouflage 1, gelatinous body 1,
(nimble swimmer 1), tentacles
a: no special abilities


You were on level 2 of the Dungeon.
You visited 1 branch of the dungeon, and saw 2 of its levels.

You collected 52 gold pieces.

Inventory:

Missiles
 a - 3 poisoned darts
Wands
 b - a wand of flame (15) (quivered)
 c - a wand of charming (15)
 d - a wand of iceblast (5)
Scrolls
 e - a scroll of fear {unknown}
 h - a scroll of identify {unknown}
Potions
 f - a potion of mutation {unknown}
 g - a potion of ambrosia {unknown}


   Skills:
 + Level 1.3 Fighting
 - Level 2.3 Dodging
 - Level 1.3 Stealth
 + Level 3.2 Unarmed Combat
 - Level 3.2 Evocations


You had 2 spell levels left.
You didn't know any spells.
Your spell library was empty.

Dungeon Overview and Level Annotations

Branches:
Dungeon (2/15)

Altars:

Shops:
D:2 [

Annotations:
D:2 1 runed translucent door, Crazy Yiuf


Innate Abilities, Weirdness & Mutations

You cannot wear most types of armour.
You are amphibious.
You can wear up to eight rings at the same time.
Your skin changes colour to match your surroundings (Stealth+).
Your rubbery body absorbs attacks. (AC +1, EV +1)
((You are camouflaged when in or above water. (Stealth+)))
You have tentacles for arms and can constrict up to eight enemies at once.


Message History

The goblin is moderately wounded.
The goblin barely misses you.
You tentacle-slap the goblin. You grab the goblin.
The goblin is severely wounded.
You constrict the goblin.
You kill the goblin!
No target in view!
No target in view!
You see here a +0 club.
You now have 52 gold pieces (gained 7).
Found a stone staircase leading down.
An adder comes into view.
An adder comes into view.
Found a fizzy purple potion.
The adder hisses angrily. x2
You see here a scroll labelled OGREYN TOOCIA.
You barely miss the adder. Your grab misses the adder.
The adder barely misses you.
You miss the adder. You grab the adder. You constrict the adder.
The adder bites you. x2
You are poisoned.
The adder poisons you!
You tentacle-slap the adder.
The adder is moderately wounded.
You constrict the adder.
You feel sick. The adder completely misses you. The adder barely misses you.
You tentacle-slap the adder but do no damage.
Your squeeze misses the adder.
The adder is heavily wounded.
You constrict the adder.
You feel sick. The adder bites you.
You are more poisoned.
The adder poisons you! The adder barely misses you.
The adder bites you but does no damage.
You release your grip on the adder.
You feel sick. The adder attacks as it pursues you! The adder bites you. x2
* * * LOW HITPOINT WARNING * * *
You are more poisoned.
The adder poisons you!
You see here a scroll labelled OGREYN TOOCIA.
You die...

##.####..#.#####>.#
#..#........## ###
#..#######...# #.# #..#
#...# #.# #..# #.### #..
######..# #.# ###
#....#..# #.# .#.......#
#.# ### .#....##.#
#@#####.. #.. .#....#
.#######?....... ###.#
.###.###.##....SS.......
##...#
.........##.............
#.....
....>....##...........!.
#.....
........................
#....)
......)..##.............
#..)..
.........##.............
#.....
.#######.##.......######
#.....


You could see 2 adders.

Vanquished Creatures
  2 gnolls (D:1)
  An adder (D:2)
  2 dart slugs
  A ribbon worm (D:2)
  An endoplasm (D:1)
  2 giant cockroaches
  2 goblins
  A hobgoblin (D:1)
  2 kobolds
  A quokka (D:1)
  2 ball pythons (D:1)
  A bat (D:2)
  A frilled lizard (D:1)
  2 rats (D:2)
21 creatures vanquished.

Notes
Turn   | Place    | Note
-------+----------+-------------------------------------------
     0 | D:1      | H0rd4k the Octopode Artificer began the quest for the Orb.
     0 | D:1      | Reached XP level 1. HP: 13/13 MP: 1/1
    75 | D:1      | Reached skill level 1 in Unarmed Combat
   164 | D:1      | Reached XP level 2. HP: 8/18 MP: 2/2
   525 | D:1      | Reached XP level 3. HP: 15/23 MP: 3/3
   955 | D:2      | Found Juvufud's Armour Boutique.
  1104 | D:2      | Found a runed translucent door.
  1105 | D:2      | Noticed Crazy Yiuf
  1449 | D:2      | Succumbed to an adder's poison

Illustrated notes

Levels and vault maps discovered:
D:1:      scummos_arrival_hexagon, layout_basic, serial_glass, glass_columns_a,
          glass_columns_c, feat_on_display, item_on_display_a, hex_intersection,
          chequers_serial_rivers_small_3
D:2:      layout_basic, serial_shops, shop, uniq_crazy_yiuf_cottage

Skill      XL: |  1  2  3 |
---------------+----------+-----
Unarmed Combat | 1 2 3 |  3.2
Fighting       | |  1.3
Dodging        | |  2.3
Stealth        | |  1.3
Evocations     | |  3.2

Action                     || total
---------------------------++-------
  Melee: Unarmed           ||    62
         Constrict         ||    16
         Tentacles         ||    12
         Punch             ||     1
   Stab: Sleeping          ||     6
 Armour: Skin              ||    25
  Dodge: Dodged            ||    41
